Map: Persephone LE

Players

Rus

  • Race: Protoss Protoss
  • Spawn Location: 11:00

ManlyManMeat - Winner!

  • Race: Protoss Protoss
  • Spawn Location: 7:00

VOD

Have the link to the VOD?

Description

Time

  • Played on: May 15, 2025, 6:42 p.m.
  • Length: 20:11
Show
View Real Time Build Order
Export as new Build Order

Rus Protoss 

Build Orders:  

Get SALT Encoding   

Show
View Real Time Build Order
Export as new Build Order

ManlyManMeat Protoss - Winner!

Build Orders: 1 Gate Expand 

Get SALT Encoding   

  12  0:03  Probe  
  12  0:15  Probe  
  12  0:20  Pylon  
  12  0:23  Probe  
  12  0:34  Probe  
  12  0:41  Gateway  
  12  0:45  Assimilator  
  12  0:47  Probe  
  12  1:17  Nexus  
  12  1:28  Gateway  
  12  1:32  Probe  
  12  1:49  Cybernetics Core  
  12  1:51  Probe  
  12  2:03  Probe, Assimilator  
  12  2:08  Zealot  
  12  2:15  Probe  
  12  2:29  Pylon  
  12  2:33  Robotics Facility  
  12  2:35  Probe  
  12  2:36  Probe  
  12  2:52  Stargate  
  12  2:57  Stalker  
  12  3:03  Warp Gate  
  12  3:05  Probe x2  
  12  3:18  Probe  
  12  3:22  Probe  
  12  3:23  Stalker  
  12  3:26  Probe  
  12  3:34  Probe  
  12  3:36  Probe  
  12  3:42  Observer  
  12  3:46  Probe  
  12  3:47  Pylon  
  12  3:55  Stalker  
  12  3:56  Assimilator  
  12  3:57  Probe  
  12  3:58  Assimilator, Probe  
  12  4:21  Stalker  
  12  4:22  Stalker  
  12  4:23  Probe x2  
  12  4:31  Pylon  
  12  4:33  Pylon  
  12  4:35  Probe x2  
  12  4:46  Probe  
  12  4:50  Probe  
  12  4:54  Probe  
  12  5:01  Forge  
  12  5:02  Forge, Probe  
  12  5:07  Robotics Bay  
  12  5:12  Twilight Council  
  12  5:28  Pylon  
  12  5:31  Nexus  
  12  5:34  Stalker x2  
  12  5:38  Oracle  
  12  5:49  Probe  
  12  5:53  Assimilator  
  12  5:56  Assimilator  
  12  6:00  Charge  
  12  6:01  Probe  
  12  6:19  Templar Archives  
  12  6:25  Stalker x2  
  12  6:34  Pylon  
  12  6:36  Gateway  
  12  6:37  Gateway x2  
  12  6:39  Probe x2  
  12  6:40  Probe  
  12  6:41  Gateway  
  12  6:45  Gateway  
  12  6:47  Probe  
  12  6:48  Probe x2  
  12  7:14  Observer  
  12  7:19  Observer  
  12  7:32  Warp Prism  
  12  7:44  Stalker x2  
  12  7:45  Stalker x5  
  12  7:50  Pylon  
  12  7:52  Probe x2, Pylon  
  12  7:53  Probe  
  12  7:54  Pylon  
  12  8:04  Probe x2, Gravitic Boosters  
  12  8:05  Probe  
  12  8:06  Psionic Storm  
  12  8:19  High Templar x2  
  12  8:20  High Templar x2  
  12  8:46  Sentry x2  
  12  9:04  Probe x2  
  12  9:05  Probe  
  12  9:09  Pylon  
  12  9:13  Pylon  
  12  9:15  Pylon  
  12  9:16  Probe  
  12  9:25  Nexus  
  12  9:26  Pylon  
  12  9:29  Pylon  
  12  9:31  Assimilator  
  12  9:32  Sentry  
  12  9:33  Sentry x2, Assimilator  
  12  9:34  Stalker x4  
  12  11:29  Adept  
  12  11:33  Stalker  
  12  12:04  Probe  
  12  12:05  Probe x2  
  12  12:09  Probe  
  12  12:12  Probe  
  12  12:13  Probe x2  
  12  12:14  Protoss Ground Armor Level 1, Protoss Ground Weapons Level 1  
  12  12:17  Probe  
  12  12:22  Extended Thermal Lance  
  12  12:53  Robotics Facility  
  12  12:54  Robotics Facility  
  12  12:57  Robotics Facility  
  12  12:58  Robotics Facility  
  12  12:59  Stargate  
  12  13:01  Stargate  
  12  13:04  Void Ray  
  12  13:41  Phoenix  
  12  14:06  Oracle  
  12  14:53  Warp Prism  
  12  15:05  Phoenix, Oracle  
  12  15:11  Void Ray  
  12  15:20  Photon Cannon  
  12  15:21  Photon Cannon  
  12  15:23  Photon Cannon  
  12  15:27  Void Ray  
  12  15:28  Shield Battery  
  12  15:35  Void Ray  
  12  15:40  Void Ray  
  12  15:56  Phoenix  
  12  16:05  Phoenix  
  12  16:11  Oracle  
  12  16:15  Pylon  
  12  16:17  Pylon  
  12  17:30  High Templar x2  
  12  17:37  Archon  
  12  17:45  Stalker  
  12  18:18  Immortal  
  12  18:25  Gravitic Drive  
Tags
 
Matchup
PvP
Spawn Locations
Close Positions
Add a new tag
Caveats
  • Supply blocks, unpowered buildings, or Contaminate may cause inaccurate times.
  • Supply counts are checked every 10 seconds.